 Dungeon Crawl Stone Soup version 0.15-a0-1269-g8ca96ae (webtiles) character file.

101 Quh the Shooter (level 4, 0/32 HPs)
             Began as a Demonspawn Hunter on June 5, 2014.
             Was an Initiate of Okawaru.
             Killed from afar by a white imp (8 damage)
             ... with a puff of frost
             ... summoned by a neqoxec
             ... created by the fury of Makhleb
             ... on Level 2 of the Dungeon.
             The game lasted 00:07:57 (2029 turns).

Quh the Shooter (Demonspawn Hunter)                 Turns: 2029, Time: 00:07:57

HP   0/32        AC 13     Str 14      XL: 4   Next: 48%
MP   4/4         EV  5     Int -4 (12) God: Okawaru [......]
Gold 109         SH  2     Dex 13      Spells:  0 memorised,  3 levels left

rFire  . . .     SeeInvis .     a - +0 short sword
rCold  . . .     Clarity  .     p - +1 storm dragon armour
rNeg   . . .     rCorr    .     (no shield)
rPois  .         rRot     .     (no helmet)
rElec  +         Spirit   .     (no cloak)
SustAb .         Warding  .     (no gloves)
rMut   .         Stasis   .     (no boots)
Gourm  .                        (no amulet)
MR     .....                    (no ring)
                                (no ring)

@: lost intelligence, very slow, not resistant to hostile enchantments,
extremely unstealthy
A: claws 1, large bone plates 1, powered by death 1, screaming 1
a: Renounce Religion


You were on level 2 of the Dungeon.
You worshipped Okawaru.
Okawaru was noncommittal.
You were not hungry.

You visited 1 branch of the dungeon, and saw 2 of its levels.

You collected 109 gold pieces.

Inventory:

Hand weapons
 a - a +0,+0 short sword (weapon)
 b - a +1,+1 shortbow
 o - a cursed -1,-1 short sword
Missiles
 c - 19 arrows
 h - 20 stones (quivered)
Armour
 d - a +0 leather armour
 p - a +1 storm dragon armour (worn)
Comestibles
 f - 2 bread rations
 i - 3 fruits
Scrolls
 e - a scroll of teleportation
 g - a scroll of immolation {unknown}
 k - 3 scrolls of fear
 l - a scroll of remove curse {unknown}
 m - a scroll of amnesia {unknown}
 r - 2 scrolls of identify {unknown}
 t - a scroll of fog {unknown}
 w - a scroll of enchant weapon II {unknown}
Jewellery
 n - an uncursed ring of ice {unknown}
Potions
 q - a potion of resistance {unknown}
 s - a potion of cure mutation {unknown}
 u - a potion of curing {unknown}
 v - a potion of might {unknown}
 x - a potion of lignification {unknown}


   Skills:
 - Level 1.0 Fighting
 * Level 5.4 Bows
 - Level 1.7 Dodging
 - Level 0.8 Stealth


You had 3 spell levels left.
You didn't know any spells.

Dungeon Overview and Level Annotations

Branches:
Dungeon (2/15)

Altars:
Makhleb
Okawaru
Yredelemnul
The Shining One


Innate Abilities, Weirdness & Mutations

You have sharp fingernails.
You are partially covered in large bone plates (AC +2, SH +2).
You can steal the life force of nearby defeated enemies.
You occasionally shout uncontrollably at your foes.


Message History

The goblin hits you but does no damage.
The ufetubus disappears in a puff of smoke!
The goblin hits you but does no damage. The goblin hits you.
The goblin hits you but does no damage. The goblin hits you but does no damage.
The shadow imp grinds its teeth.
The neqoxec gestures.
The shadow imp disappears in a puff of smoke!
The white imp gestures at you. The puff of frost hits you!
The white imp hits you but does no damage.
The neqoxec gestures at you.
Something tries to feed on your intellect!
The white imp gestures at you. The puff of frost hits you!
* * * LOW HITPOINT WARNING * * *
The white imp gestures at you. The puff of frost hits you!
You die...

#.)...########..53.....#
#..............######.##
$.)........########.#
#.# #######.#### #.# #5#
#.# #.# #.# #.# #.# #5#
#.# #.# #)#
#.###########.######.#
#....>....@.5.355....#
#########...g#.#######
#.##...# #.###### # #.#
..# #.# #.# #.# #.# #.#
#.# #.#


You could see a neqoxec, 2 quasits, a white imp and a goblin.

Vanquished Creatures
  A hound (D:2)
  3 adders
  3 giant geckos
  A bat (D:2)
  3 giant cockroaches
  5 hobgoblins
  A giant newt (D:2)
  10 goblins
  7 kobolds
  3 rats
37 creatures vanquished.

Notes
Turn   | Place    | Note
--------------------------------------------------------------
     0 | D:1      | Quh, the Demonspawn Hunter, began the quest for the Orb.
     0 | D:1      | Reached XP level 1. HP: 15/15 MP: 1/1
   161 | D:1      | Reached skill level 4 in Bows
   267 | D:1      | Gained mutation: You are partially covered in large bone plates (AC +2, SH +2). [demonic ancestry]
   267 | D:1      | Reached XP level 2. HP: 16/21 MP: 2/2
   921 | D:1      | Gained mutation: You can steal the life force of nearby defeated enemies. [demonic ancestry]
   921 | D:1      | Reached XP level 3. HP: 24/26 MP: 3/3
  1165 | D:2      | Found a burning altar of Makhleb.
  1186 | D:2      | Reached skill level 5 in Bows
  1186 | D:2      | Gained mutation: You have sharp fingernails. [demonic ancestry]
  1186 | D:2      | Reached XP level 4. HP: 9/32 MP: 4/4
  1423 | D:2      | Became a worshipper of Makhleb the Destroyer
  1465 | D:2      | Found an iron altar of Okawaru.
  1465 | D:2      | Found a basalt altar of Yredelemnul.
  1499 | D:2      | Fell from the grace of Makhleb
  1499 | D:2      | Became a worshipper of Warmaster Okawaru
  1633 | D:2      | Found a glowing golden altar of the Shining One.
  1919 | D:2      | Noticed a neqoxec
  1928 | D:2      | Gained mutation: You occasionally shout uncontrollably at your foes. [a neqoxec]
  1999 | D:2      | Lost intelligence.
  2029 | D:2      | Killed from afar by a white imp

Action                   |  1- 3 |  4- 6 || total
-------------------------+-------+-------++-------
Melee: Short sword       |    89 |    71 ||   160
 Fire: Shortbow          |    21 |    14 ||    35
  Use: Scroll            |     2 |     1 ||     3
       Potion            |     1 |       ||     1
